[gd_scene load_steps=10 format=2]

[ext_resource path="res://scenes/maps/map.gd" type="Script" id=1]
[ext_resource path="res://entities/change_map_area/change_map_area.tscn" type="PackedScene" id=2]
[ext_resource path="res://assets/map_elements/SA0200001_ForestGround.png" type="Texture" id=3]
[ext_resource path="res://entities/map_elements/grass/grass_00.tscn" type="PackedScene" id=4]
[ext_resource path="res://entities/map_elements/grass/grass_01.tscn" type="PackedScene" id=5]
[ext_resource path="res://entities/map_elements/trees/tree_04.tscn" type="PackedScene" id=6]
[ext_resource path="res://entities/map_elements/trees/tree_03.tscn" type="PackedScene" id=7]
[ext_resource path="res://entities/map_elements/rocks/rock_00.tscn" type="PackedScene" id=8]


[sub_resource type="NavigationPolygon" id=1]
vertices = PoolVector2Array( 1090, 290, 1089, 277, 1361, 6, 1359, 639, 1150, 525, 1129, 511, 7, 641, 7, 11, 988, 271, 1068, 303, 1067, 293, 1054, 316, 1103, 524, 980, 323, 1033, 317, 1081, 275, 1032, 261, 1126, 538, 939, 306 )
polygons = [ PoolIntArray( 0, 1, 2, 3, 4, 5 ), PoolIntArray( 6, 7, 2, 8 ), PoolIntArray( 9, 10, 0, 5 ), PoolIntArray( 11, 9, 5, 12 ), PoolIntArray( 13, 14, 11, 12, 6 ), PoolIntArray( 2, 1, 15, 16 ), PoolIntArray( 17, 4, 3 ), PoolIntArray( 17, 3, 6 ), PoolIntArray( 12, 17, 6 ), PoolIntArray( 18, 13, 6 ), PoolIntArray( 2, 16, 8 ), PoolIntArray( 6, 8, 18 ) ]
outlines = [ PoolVector2Array( 7, 11, 1361, 6, 1359, 639, 7, 641 ), PoolVector2Array( 939, 306, 980, 323, 1033, 317, 1054, 316, 1068, 303, 1067, 293, 1090, 290, 1089, 277, 1081, 275, 1032, 261, 988, 271 ), PoolVector2Array( 1103, 524, 1126, 538, 1150, 525, 1129, 511 ) ]

[node name="10,12" type="Node2D"]
script = ExtResource( 1 )

[node name="HTTPRequest" type="HTTPRequest" parent="."]

[node name="Background" type="Node2D" parent="."]

[node name="Ground" type="Sprite" parent="Background"]
position = Vector2( 693, 448 )
scale = Vector2( 0.5, 0.5 )
texture = ExtResource( 3 )

[node name="EntitiesHolder" type="YSort" parent="."]

[node name="Grass00" parent="EntitiesHolder" instance=ExtResource( 4 )]
position = Vector2( 206, 281 )

[node name="Grass01" parent="EntitiesHolder" instance=ExtResource( 4 )]
position = Vector2( 228, 291 )

[node name="Grass02" parent="EntitiesHolder" instance=ExtResource( 4 )]
position = Vector2( 207, 312 )

[node name="Grass03" parent="EntitiesHolder" instance=ExtResource( 4 )]
position = Vector2( 235, 310 )

[node name="Grass04" parent="EntitiesHolder" instance=ExtResource( 4 )]
position = Vector2( 252, 283 )

[node name="Grass05" parent="EntitiesHolder" instance=ExtResource( 4 )]
position = Vector2( 256, 324 )

[node name="Grass06" parent="EntitiesHolder" instance=ExtResource( 4 )]
position = Vector2( 227, 333 )

[node name="Grass07" parent="EntitiesHolder" instance=ExtResource( 4 )]
position = Vector2( 250, 343 )

[node name="Grass08" parent="EntitiesHolder" instance=ExtResource( 4 )]
position = Vector2( 284, 324 )

[node name="Grass09" parent="EntitiesHolder" instance=ExtResource( 4 )]
position = Vector2( 283, 283 )

[node name="Grass10" parent="EntitiesHolder" instance=ExtResource( 4 )]
position = Vector2( 305, 302 )

[node name="Grass11" parent="EntitiesHolder" instance=ExtResource( 4 )]
position = Vector2( 298, 344 )

[node name="Grass12" parent="EntitiesHolder" instance=ExtResource( 4 )]
position = Vector2( 314, 325 )

[node name="Tree04" parent="EntitiesHolder" instance=ExtResource( 6 )]
position = Vector2( 267, 299 )

[node name="Grass13" parent="EntitiesHolder" instance=ExtResource( 5 )]
position = Vector2( 129, 428 )

[node name="Grass14" parent="EntitiesHolder" instance=ExtResource( 4 )]
position = Vector2( 149, 440 )

[node name="Grass15" parent="EntitiesHolder" instance=ExtResource( 4 )]
position = Vector2( 487, 468 )

[node name="Grass16" parent="EntitiesHolder" instance=ExtResource( 4 )]
position = Vector2( 501, 449 )

[node name="Grass17" parent="EntitiesHolder" instance=ExtResource( 4 )]
position = Vector2( 512, 477 )

[node name="Grass18" parent="EntitiesHolder" instance=ExtResource( 4 )]
position = Vector2( 839, 295 )

[node name="Grass19" parent="EntitiesHolder" instance=ExtResource( 4 )]
position = Vector2( 859, 307 )

[node name="Tree03" parent="EntitiesHolder" instance=ExtResource( 7 )]
position = Vector2( 1127, 525 )

[node name="Rock00" parent="EntitiesHolder" instance=ExtResource( 8 )]
position = Vector2( 1010, 291 )

[node name="Grass20" parent="EntitiesHolder" instance=ExtResource( 4 )]
position = Vector2( 1075, 167 )

[node name="Grass21" parent="EntitiesHolder" instance=ExtResource( 4 )]
position = Vector2( 1093, 187 )

[node name="Grass22" parent="EntitiesHolder" instance=ExtResource( 4 )]
position = Vector2( 1026, 335 )

[node name="Grass23" parent="EntitiesHolder" instance=ExtResource( 4 )]
position = Vector2( 1063, 179 )

[node name="Grass24" parent="EntitiesHolder" instance=ExtResource( 4 )]
position = Vector2( 1052, 159 )

[node name="Grass25" parent="EntitiesHolder" instance=ExtResource( 5 )]
position = Vector2( 544, 294 )

[node name="ChangeMapAreaNorth" parent="." instance=ExtResource( 2 )]
position = Vector2( 683, 100 )
destination_map = "10,11"
destination_position = Vector2( 683, 486 )

[node name="ChangeMapAreaEast" parent="." instance=ExtResource( 2 )]
position = Vector2( 1260, 318 )
destination_map = "11,12"
destination_position = Vector2( 150, 318 )

[node name="ChangeMapAreaSouth" parent="." instance=ExtResource( 2 )]
position = Vector2( 692, 577 )
destination_map = "10,13"
destination_position = Vector2( 683, 150 )

[node name="NavigationPolygonInstance" type="NavigationPolygonInstance" parent="."]
navpoly = SubResource( 1 )

[node name="MapNamePanel" type="Panel" parent="."]
margin_left = 11.0
margin_top = 12.0
margin_right = 114.0
margin_bottom = 57.0

[node name="Label" type="Label" parent="MapNamePanel"]
anchor_right = 1.0
anchor_bottom = 1.0
text = "Map:
10,12"
align = 1
valign = 1
